 Dungeon Crawl Stone Soup version 0.24.1-14-gf8d2b509d9 (webtiles) character file.

Game seed: 10722336965173959318, levelgen mode: deterministic

7281 barney the Martial Artist (level 10, -11/86 HPs)
             Began as a Purple Draconian Transmuter on Sept 29, 2021.
             Was an Elder of Cheibriados.
             Mangled by a two-headed ogre
             ... wielding a +0 giant club
              (21 damage)
             ... on level 10 of the Dungeon.
             The game lasted 00:18:59 (11677 turns).

barney the Martial Artist (DrTm)                   Turns: 11677, Time: 00:19:00

Health: -11/86     AC:  7    Str: 22    XL:     10   Next: 89%
Magic:  2/14       EV: 13    Int: 27    God:    Cheibriados [****..]
Gold:   537        SH:  0    Dex: 22    Spells: 3/13 levels left

rFire    + . .     SeeInvis +     - Unarmed
rCold    . . .     Gourm    .   (shield currently unavailable)
rNeg     . . .     Faith    .   (armour unavailable)
rPois    .         Spirit   .   (helmet restricted)
rElec    .         Reflect  .   A - scarf {repulsion}
rCorr    .         Harm     .   (gloves currently unavailable)
MR       +....     Rnd*Rage +   (no boots)
Stlth    ++........             (no amulet)
HPRegen  0.24/turn              (no ring)
MPRegen  0.14/turn              (no ring)

@: blade hands (expiring), repel missiles, very slow
A: breathe power, unfitting armour, see invisible, berserk 1, fire resistance 1,
mutation resistance 1, cold-blooded, AC +7
a: Breathe Dispelling Energy, End Transformation, Bend Time, Temporal
Distortion, Slouch, Renounce Religion


You were on level 10 of the Dungeon.
You worshipped Cheibriados.
Cheibriados was greatly pleased with you.
You were hungry.
You had blades for hands.
You visited 2 branches of the dungeon, and saw 11 of its levels.
You also visited: Ossuary.

You collected 537 gold pieces.

Inventory:

Hand Weapons
 b - a +0 dagger of venom
 i - a +5 scimitar
 l - a +5 spear of freezing
 t - the +8 demon blade "Leech" (melded) {vamp, rN+ AC-3 EV-3}
   (You found it on level 7 of the Dungeon)

   It inflicts no extra harm, but heals its wielder when it wounds a living foe.
   It affects your AC (-3).
   It affects your evasion (-3).
   It protects you from negative energy.
Missiles
 a - 237 arrows
Armour
 n - a +1 pair of gloves (melded)
 y - a +0 cloak
 A - a scarf of repulsion (worn)
Magical Staves
 B - a cursed staff of summoning {unknown}
Wands
 g - a wand of enslavement (12)
 u - a wand of paralysis (7)
 v - a wand of acid (9)
 z - a wand of iceblast (18)
 E - a wand of digging (2)
Scrolls
 d - 2 scrolls of enchant armour
 h - a scroll of silence {unknown}
 j - 9 scrolls of identify
 m - a scroll of blinking
 o - 2 scrolls of random uselessness
 p - 2 scrolls of remove curse
 s - a scroll of fog
 w - 2 scrolls of enchant weapon
 C - 2 scrolls of amnesia
 F - 2 scrolls of noise {unknown}
 H - a scroll of acquirement {unknown}
 I - a scroll of immolation
Potions
 e - 2 potions of agility
 f - a potion of magic
 k - 3 potions of flight
 q - 5 potions of curing
 r - 4 potions of lignification
 x - 2 potions of brilliance
 D - a potion of degeneration {unknown}
 G - a potion of might {unknown}
Comestibles
 c - 14 rations


   Skills:
 + Level 7.5 Fighting
 - Level 1.7 Dodging
 * Level 10.2 Unarmed Combat
 - Level 2.4 Spellcasting
 - Level 10.0 Transmutations
 + Level 4.4 Invocations
 - Level 5.6 Evocations


You had 3 spell levels left.
You knew the following spells:

 Your Spells              Type           Power        Failure   Level  Hunger
b - Spider Form           Tmut/Pois      ####......   28%         3    ###....
c - Blade Hands           Tmut           ######....   30%         5    ######.
d - Sticks to Snakes      Tmut           ######..     9%          2    ##.....

Your spell library contained the following spells:

 Spells                   Type           Power        Failure   Level  Hunger
 Beastly Appendage        Tmut           ######       8%          1    None
 Magic Dart               Conj           #...         45%         1    None
 Ice Form                 Ice/Tmut       ####....     50%         4    ####...


Dungeon Overview and Level Annotations

Branches:
Dungeon (10/15)            Temple (1/1) D:4             Orc (0/2) D:10
Ossuary (visited)
   Lair: D:8-11

Altars:
Ashenzari
Cheibriados
Dithmenos
Elyvilon
Fedhas
Gozag
Hepliaklqana
Kikubaaqudgha
Makhleb
Nemelex Xobeh
Okawaru
Qazlal
Ru
Sif Muna
Trog
Uskayaw
Vehumet
Wu Jian
Xom
Yredelemnul
Zin
The Shining One

Shops:
D:8 *   D:10 =

Annotations:
D:7 3 runed translucent doors


Innate Abilities, Weirdness & Mutations

You can breathe bolts of dispelling energy.
Your rich purple scales are hard. (AC +7)
You cannot fit into any form of body armour.
You are cold-blooded and may be slowed by cold attacks.
You have supernaturally acute eyesight. (SInv)
You tend to lose your temper in combat.
Your flesh is heat resistant. (rF+)
You are somewhat resistant to further mutation.


Message History

You can feel time thicken for a moment.
You kill the gnoll!
Cheibriados appreciates the change of pace.
You kill the orc wizard!
Cheibriados appreciates the change of pace.
You are feeling hungry.
You can no longer step out of the flow of time.
Cheibriados lowers the support of your attributes as your movement quickens.
You completely miss the two-headed ogre.
You tail-slap the two-headed ogre.
The two-headed ogre is heavily wounded.
The two-headed ogre hits you but does no damage.
The two-headed ogre hits you with a cursed -1 giant club!
* * * LOW HITPOINT WARNING * * *
Your magical contamination has completely faded away.
You hit the two-headed ogre but do no damage.
You tail-slap the two-headed ogre, but do no damage.
The two-headed ogre is heavily wounded.
The two-headed ogre hits you with a +0 giant club!!
You die... #.###... ###....... .[...# ###.## # ##.#.###.##. #.###....##.#### . ##.#.#.......... .P ###.##.####..#.######### .Po .........##.....@O†.)... ...h [[.......###.#)########. o... .####....###.#)# ogoO

..# #........).# .##
#......###.###### ##
#(......).........
#####.##..#####.#.)###
.....[##..# .# .#
...### #...####..# ..
# ......


You could see a two-headed ogre.

Vanquished Creatures
  Joseph (D:8)
  A troll (D:10)
  A hornet (D:8)
  3 hippogriffs
  Grinder (D:3)
  Sigmund (D:3)
  A wraith (D:10)
  6 yaks (D:10)
  A hungry ghost (D:10)
  2 wargs
  2 water moccasins
  3 orc warriors
  A sky beast (D:6)
  2 ice beasts
  3 phantoms
  2 necrophages
  4 ogres
  5 centaurs
  A bullfrog (D:7)
  2 gnoll sergeants
  3 water moccasin zombies (Ossuary)
  A scorpion (D:7)
  4 wights (D:6)
  3 howler monkeys
  5 crimson imps
  2 centaur zombies
  2 bullfrog skeletons
  8 hounds
  2 jellies
  6 orc priests
  9 orc wizards
  Ijyb (D:3)
  An iguana (D:8)
  2 worker ants (D:6)
  A killer bee zombie (D:7)
  An ogre zombie (D:10)
  7 big kobold zombies (Ossuary)
  A hound zombie (D:8)
  2 mummies (Ossuary)
  11 adders
  5 gnolls (D:10)
  A shadow imp (D:10)
  2 oozes (D:2)
  5 adder zombies
  4 adder skeletons
  3 worms
  4 dart slugs
  6 leopard geckos
  30 orcs
  A ball python (D:1)
  6 giant cockroaches
  10 goblins
  9 hobgoblins
  10 jackals
  4 quokkas
  11 bats
  6 frilled lizards
  5 gnoll zombies (Ossuary)
  A hobgoblin skeleton (D:10)
  4 hobgoblin zombies
  5 kobolds
  7 kobold zombies (Ossuary)
  A leopard gecko skeleton (D:8)
  A leopard gecko zombie (D:5)
  9 orc zombies
  A quokka zombie (D:7)
  4 rats
270 creatures vanquished.

Vanquished Creatures (collateral kills)
  A scorpion (D:10)
1 creature vanquished.

Vanquished Creatures (others)
  A water moccasin (D:7)
  A jackal skeleton (D:7)
  A plant (D:10)
3 creatures vanquished.

Grand Total: 274 creatures vanquished

Notes
Turn   | Place    | Note
-------+----------+-------------------------------------------
     0 | D:1      | barney the Draconian Transmuter began the quest for the
                  | Orb.
     0 | D:1      | Reached XP level 1. HP: 16/16 MP: 3/3
   262 | D:1      | Reached XP level 2. HP: 23/23 MP: 5/5
   735 | D:2      | Reached XP level 3. HP: 19/28 MP: 4/6
   755 | D:2      | Learned a level 3 spell: Spider Form
  1309 | D:2      | Reached XP level 4. HP: 25/35 MP: 3/7
  1789 | D:3      | Noticed Grinder
  1797 | D:3      | Gained mutation: You tend to lose your temper in combat.
                  | [potion of mutation]
  1797 | D:3      | Gained mutation: You have supernaturally acute eyesight.
                  | (SInv) [potion of mutation]
  1797 | D:3      | Gained mutation: Your flesh is heat resistant. (rF+)
                  | [potion of mutation]
  1797 | D:3      | Gained mutation: You are somewhat resistant to further
                  | mutation. [potion of mutation]
  1802 | D:3      | Killed Grinder
  1802 | D:3      | Reached XP level 5. HP: 40/40 MP: 2/8
  1802 | D:3      | Reached XP level 6. HP: 47/47 MP: 2/9
  1870 | D:3      | Learned a level 5 spell: Blade Hands
  1991 | D:3      | Noticed Sigmund
  2003 | D:3      | Killed Sigmund
  2034 | D:3      | Found a shimmering blue altar of Sif Muna.
  2223 | D:3      | Noticed Ijyb
  2234 | D:3      | Killed Ijyb
  3117 | D:4      | Found a sand-covered staircase.
  3125 | Ossuary  | Entered an ossuary
  3206 | Ossuary  | Your scales start taking on a rich purple colour.
  3206 | Ossuary  | Reached XP level 7. HP: 44/52 MP: 7/10
  4148 | D:4      | Found a staircase to the Ecumenical Temple.
  4170 | Temple   | Entered the Ecumenical Temple
  4240 | D:4      | Found a snail-covered altar of Cheibriados.
  4246 | D:4      | Became a worshipper of Cheibriados the Contemplative
  4762 | D:5      | Entered Level 5 of the Dungeon
  4782 | D:5      | Reached XP level 8. HP: 55/59 MP: 9/11
  4996 | D:5      | Reached skill level 1 in Evocations
  5061 | D:5      | Found a shimmering blue altar of Sif Muna.
  5076 | D:5      | Identified Sif Muna's Disquisition on Attacks
  5079 | D:5      | Reached * piety under Cheibriados
  5485 | D:6      | Reached skill level 10 in Transmutations
  5503 | D:6      | Learned a level 2 spell: Sticks to Snakes
  5564 | D:6      | Reached skill level 5 in Unarmed Combat
  5586 | D:6      | Reached ** piety under Cheibriados
  5881 | D:6      | Reached XP level 9. HP: 42/67 MP: 6/12
  6006 | D:6      | Found a sparkling altar of Nemelex Xobeh.
  6079 | D:6      | Found a shimmering altar of Xom.
  7093 | D:7      | Found the +8 demon blade "Leech" {vamp, rN+ AC-3 EV-3}
  7360 | D:7      | Found a burning altar of Makhleb.
  7473 | D:7      | Reached *** piety under Cheibriados
  7490 | D:7      | Reached skill level 5 in Fighting
  7640 | D:7      | Reached skill level 5 in Evocations
  7800 | D:7      | Found a runed translucent door.
  7801 | D:7      | Noticed an efreet
  8029 | D:7      | Found a runed translucent door.
  8029 | D:7      | Found a runed translucent door.
  8462 | D:8      | Noticed Joseph
  8476 | D:8      | Killed Joseph
  8612 | D:8      | Found a hide-covered altar of Uskayaw.
  8645 | D:8      | Paralysed by a hornet for 1 turns
  8646 | D:8      | Reached XP level 10. HP: 68/83 MP: 8/14
  8694 | D:8      | Found a blossoming altar of Fedhas.
  8737 | D:8      | Reached **** piety under Cheibriados
  8756 | D:8      | Found Damm's General Store.
  8907 | D:8      | Reached skill level 1 in Invocations
  9492 | D:9      | Found a glowing golden altar of the Shining One.
  9492 | D:9      | Found a glowing silver altar of Zin.
  9493 | D:9      | Found a white marble altar of Elyvilon.
  9664 | D:9      | Found a hazy altar of Hepliaklqana.
 10142 | D:10     | Entered Level 10 of the Dungeon
 10175 | D:10     | Found Wiemmin's Jewellery Shop.
 10180 | D:10     | Noticed a two-headed ogre
 10857 | D:10     | Reached ***** piety under Cheibriados
 11550 | D:10     | Reached skill level 10 in Unarmed Combat
 11580 | D:10     | Found a staircase to the Orcish Mines.
 11677 | D:10     | Mangled by a two-headed ogre

Levels and vault maps discovered:
D:1:      roderic_crop_circles_arrival_small, layout_basic
D:2:      layout_basic
D:3:      layout_basic, lemuel_round_altar, uniq_sigmund, uniq_ijyb,
          uniq_grinder
D:4:      layout_cave_pods, kennysheep_slug_shrine,
          minmay_temple_entry_statues_fountains, nicolae_ossuary_entry_plus
D:5:      layout_rooms, first_ration, led_sif_book
D:6:      layout_basic, basic_altar, nemelex_diamond_rough_becter
D:7:      minmay_the_grid_triangle_9x9_rhombus_full
          [minmay_the_grid_triangle_9x9_cache,
          minmay_the_grid_triangle_9x9_checkered,
          minmay_the_grid_triangle_9x9_flanged_cone,
          minmay_the_grid_triangle_9x9_pentomino_pain,
          minmay_the_grid_triangle_9x9_dagger,
          minmay_the_grid_triangle_9x9_zippers_vertical,
          minmay_the_grid_triangle_9x9_fully_insulated_deathbox,
          minmay_the_grid_triangle_9x9_prize_insulated], layout_rooms,
          kennysheep_little_box
D:8:      layout_basic, lemuel_round_altar, marbit_many_paths, serial_shops,
          nicolae_shop_trees, uniq_joseph
D:9:      layout_loops_corners, old_standard_altar, good_gods_mini_temple
D:10:     layout_loops_ring, erik_lair_orcish_takeover, zombieorc2_lemuel,
          serial_shops, shop_fountains
Temple:   cyrus_circular_temple

Skill      XL: |  1  2  3  4  5  6  7  8  9 10 |
---------------+-------------------------------+-----
Transmutations | 3 4 6 7 9 10 | 10.0
Evocations     | 3 5 |  5.6
Fighting       | 3 5 7 |  7.5
Unarmed Combat | 5 8 10 | 10.2
Invocations    | 4 |  4.4
Dodging        | |  1.7
Spellcasting   | |  2.4

Action                   |  1- 3 |  4- 6 |  7- 9 | 10-12 || total
-------------------------+-------+-------+-------+-------++-------
Melee: Unarmed           |   139 |   104 |   271 |   115 ||   629
       Kick              |    12 |       |     1 |       ||    13
       Tailslap          |    11 |     6 |    35 |    26 ||    78
       Headbutt          |     5 |       |     3 |       ||     8
       Dagger            |       |    27 |    44 |       ||    71
       Punch             |       |     2 |     7 |     3 ||    12
       Scimitar          |       |       |    15 |       ||    15
       Demon blade       |       |       |    15 |    13 ||    28
 Cast: Beastly Appendage |    16 |     3 |     3 |       ||    22
       Spider Form       |     4 |    14 |     3 |       ||    21
       Blade Hands       |       |       |    36 |    18 ||    54
       Sticks to Snakes  |       |       |       |     6 ||     6
Invok: Slouch            |       |       |       |     1 ||     1
 Abil: Breathe Dispellin |       |       |     9 |     2 ||    11
  Use: Potion            |       |     4 |    11 |     2 ||    17
       Scroll            |       |     3 |    10 |     2 ||    15
 Stab: Sleeping          |       |     1 |       |     1 ||     2
  Eat: Chunk             |     2 |     8 |    17 |    12 ||    39
       Ration            |       |       |     3 |     1 ||     4
Armor: Skin              |    55 |    31 |   107 |    32 ||   225
Dodge: Dodged            |   102 |   105 |   236 |    72 ||   515
       Deflected         |       |       |     1 |     5 ||     6
       Rpst.: Scimitar   |       |       |     5 |       ||     5
       Demon blade       |       |       |     2 |     2 ||     4
